 Dungeon Crawl Stone Soup version 0.26-a0-34-g9e0bf03589 (webtiles) character file.

Game seed: 16844750599605616756, levelgen mode: deterministic

155 Maedhros the Sneak (level 5, -15/33 HPs)
             Began as an Octopode Artificer on May 29, 2020.
             Was a Believer of Cheibriados.
             Demolished by an ogre
             ... wielding a +0 giant spiked club
              (17 damage)
             ... on level 4 of the Dungeon.
             The game lasted 00:08:23 (1051 turns).

Maedhros the Sneak (Octopode Artificer)             Turns: 1051, Time: 00:08:24

Health: -15/33     AC:  1    Str: 15    XL:     5   Next: 37%
Magic:  7/7        EV: 14    Int: 18    God:    Cheibriados [**....]
Gold:   168        SH:  0    Dex: 17    Spells: 4/4 levels left

rFire    . . .     SeeInvis .     - Unarmed
rCold    . . .     Gourm    .   (no shield)
rNeg     . . .     Faith    .   (helmet restricted)
rPois    .         Spirit   .   (no amulet)
rElec    .         Reflect  .   i - ring of flight
rCorr    .         Harm     .   (no ring)
MR       .....                  (no ring)
Stlth    ++++......             (no ring)
HPRegen  0.11/turn              (no ring)
MPRegen  0.10/turn              (no ring)
                                (no ring)
                                (no ring)

@: very slow
A: almost no armour, stealthy swim, amphibious, 8 rings, constrict 8, camouflage
1, gelatinous body 1
a: Bend Time, Renounce Religion, Evoke Flight


You were on level 4 of the Dungeon.
You worshipped Cheibriados.
Cheibriados was pleased with you.
You were not hungry.

You visited 1 branch of the dungeon, and saw 4 of its levels.

You collected 168 gold pieces.

Inventory:

Hand Weapons
 d - a +0 hunting sling
Missiles
 e - a poisoned dart (quivered)
 g - 38 stones
Jewellery
 i - a ring of flight (left tentacle)
 m - an uncursed amulet of regeneration {unknown}
Wands
 b - a wand of flame (7)
 c - a wand of enslavement (8)
 h - a wand of digging (6)
Scrolls
 a - a scroll of identify {unknown}
Comestibles
 f - 4 rations


   Skills:
 - Level 1.0 Fighting
   Level 1.0 Short Blades
 - Level 2.0 Dodging
 - Level 4.0 Stealth
 + Level 4.0 Unarmed Combat
 - Level 3.2 Evocations


You had 4 spell levels left.
You didn't know any spells.
Your spell library was empty.

Dungeon Overview and Level Annotations

Branches:
Dungeon (4/15)
 Temple: D:4-7

Altars:
Cheibriados
Makhleb


Innate Abilities, Weirdness & Mutations

You cannot wear most types of armour.
You are very stealthy in the water. (Stealth+)
You are amphibious.
You can wear up to eight rings at the same time.
You can use your tentacles to constrict eight enemies at once.
Your skin changes colour to match your surroundings (Stealth+).
Your rubbery body absorbs attacks. (AC +1, EV +1)


Message History

Press: ? - help, Shift-Dir - straight line, f/p - ogre
Aim: an ogre, wielding a +0 giant spiked club (lightly wounded, very poisoned)
The puff of flame hits the ogre.
The ogre is moderately wounded.
You aren't carrying any potions.
Unknown command.
You tentacle-slap the ogre.
The ogre is moderately wounded.
The ogre hits you with a +0 giant spiked club!!
Ouch! That really hurt!
* * * LOW HITPOINT WARNING * * *
You hear an angry hiss.
Evoke which item? (* to show all) (? for menu, Esc to quit)
Aiming: Enslavement
Press: ? - help, Shift-Dir - straight line, f/p - ogre
Aim: an ogre, wielding a +0 giant spiked club (moderately wounded, very poisoned, chance to defeat MR: 55%)
The ogre resists with significant effort.
The ogre hits you with a +0 giant spiked club!
Ouch! That really hurt!
You die...

##.... #?... ##
##.... #..#%....
........## ##
.(.......###..##
..(.............
...((..<........
.......O@.#..#.
..........#
............
.#.<...##.....
##...# ......#
..... .......
..#.. .......
.##. #......


You could see an ogre (poisoned).

Vanquished Creatures
  9 adders
  2 worms
  3 leopard geckos
  4 orcs
  6 ball pythons
  11 giant cockroaches (D:3)
  2 goblins
  3 hobgoblins
  2 jackals (D:2)
  4 bats
  2 frilled lizards
  5 kobolds
  A rat (D:2)
54 creatures vanquished.

Vanquished Creatures (collateral kills)
  A bat (D:2)
  A goblin (D:3)
  A frilled lizard (D:2)
3 creatures vanquished.

Vanquished Creatures (others)
  Jessica (D:2)
1 creature vanquished.

Grand Total: 58 creatures vanquished

Notes
Turn   | Place    | Note
-------+----------+-------------------------------------------
     0 | D:1      | Maedhros the Octopode Artificer began the quest for the
                  | Orb.
     0 | D:1      | Reached XP level 1. HP: 13/13 MP: 3/3
   117 | D:2      | Found a burning altar of Makhleb.
   117 | D:2      | Noticed Jessica
   124 | D:2      | Your ally died
   126 | D:2      | Killed an adder
   126 | D:2      | Reached XP level 2. HP: 12/18 MP: 4/4
   131 | D:2      | Found a snail-covered altar of Cheibriados.
   132 | D:2      | ok, good start, 132.2 Chei altar
   135 | D:2      | Reached XP level 3. HP: 15/23 MP: 5/5
   140 | D:2      | Became a worshipper of Cheibriados the Contemplative
   301 | D:2      | Reached skill level 1 in Unarmed Combat
   573 | D:3      | Reached XP level 4. HP: 25/28 MP: 6/6
   580 | D:3      | Reached * piety under Cheibriados
   694 | D:3      | Reached XP level 5. HP: 30/33 MP: 7/7
   806 | D:3      | Reached ** piety under Cheibriados
   964 | D:2      | Found a faded altar of an unknown god.
  1042 | D:4      | Noticed an ogre
  1050 | D:4      | HP: 1/33 [ogre/+0 giant spiked club (32)]
  1051 | D:4      | Demolished by an ogre

Illustrated notes

#..# ....
#..##...#
#...... #...#
#.
##...##....
#.<.....#
###.#####..
##.>.......
#..@#####.#
#....#
#.......
#....._)#
...........
##....⌠....?#
#...S.....##
##._.....##


Turn 132 on D:2: ok, good start, 132.2 Chei altar

Levels and vault maps discovered:
D:1:      ebering_hopf_link, layout_basic, palyth_stone_intersect
D:2:      layout_basic, grunt_temple_overflow_open,
          chequers_ecumenical_altar_simple, uniq_jessica,
          uniq_crazy_yiuf_cottage
D:3:      minmay_roachtagon, layout_basic, lemuel_round_altar,
          saegor_snake_ambush
D:4:      layout_cave_pools, cheibrodos_sewer_entry_drain, first_ration,
          uniq_grinder

Skill      XL: |  1  2  3  4  5 |
---------------+----------------+-----
Stealth        | 4 |  4.0
Unarmed Combat | 2 3 4 |  4.0
Fighting       | |  1.0
Short Blades   | |  1.0
Dodging        | |  2.0
Evocations     | |  3.2

Action                   |  1- 3 |  4- 6 || total
-------------------------+-------+-------++-------
Melee: Short sword       |    30 |    23 ||    53
       Constrict         |    10 |    17 ||    27
       Tentacles         |     7 |    17 ||    24
       Unarmed           |       |    46 ||    46
       Punch             |       |     2 ||     2
Throw: Dart              |       |     5 ||     5
Evoke: Wand              |    11 |     4 ||    15
  Use: Scroll            |     4 |     1 ||     5
       Potion            |     3 |       ||     3
 Stab: Sleeping          |     6 |    12 ||    18
Armor: Skin              |     8 |     5 ||    13
Dodge: Dodged            |    31 |    43 ||    74

Table legend:
 A = Non-vault XP
 B = Vault XP
 C = Vault XP percentage of total XP
 D = Non-vault monster count
 E = Vault monster count
 F = Vault count percentage of total count
                 A         B        C        D         E       F
            +---------+---------+-------+---------+---------+-------
      Total |     165 |      57 |  25.7 |      44 |      13 |  22.8
            +---------+---------+-------+---------+---------+-------
        D:1 |       9 |       0 |   0.0 |       5 |       0 |   0.0
        D:2 |      74 |       0 |   0.0 |      17 |       0 |   0.0
        D:3 |      82 |      57 |  41.0 |      22 |      13 |  37.1
            +---------+---------+-------+---------+---------+-------
